 Dungeon Crawl Stone Soup version 0.29.1 (webtiles) character file.

Game seed: 13844834836944324842

64 Icepheonix32 the Trooper (level 3, -4/34 HPs)
             Began as a Minotaur Fighter on Sept 13, 2022.
             Slain by a gnoll
             ... wielding a +0 spear
              (8 damage)
             ... on level 2 of the Dungeon.
             The game lasted 00:00:50 (1335 turns).

Icepheonix32 the Trooper (Minotaur Fighter)         Turns: 1335, Time: 00:00:50

Health: -4/34      AC:  7    Str: 28    XL:     3   Next: 91%
Magic:  2/2        EV:  9    Int:  5    God:
Gold:   93         SH:  4    Dex:  9    Spells: 2/2 levels left

rFire   . . .      SeeInvis .   a - +0 war axe
rCold   . . .      Faith    .   c - +0 buckler
rNeg    . . .      Spirit   .   b - +0 scale mail
rPois   .          Reflect  .   (helmet restricted)
rElec   .          Harm     .   (no cloak)
rCorr   .          Rampage  .   (no gloves)
Will    .....                   (no boots)
Stlth   ..........              (no amulet)
HPRegen 0.11/turn               l - +6 ring of strength
MPRegen 0.08/turn               (no ring)

@: no status effects
A: horns 2, retaliatory headbutt
a: no special abilities


You were on level 2 of the Dungeon.
You visited 1 branch of the dungeon, and saw 2 of its levels.

You collected 93 gold pieces.

Inventory:

Hand Weapons
 a - a +0 war axe (weapon)
Armour
 b - a +0 scale mail (worn)
 c - a +0 buckler (worn)
Jewellery
 l - a +6 ring of strength (left hand)
Scrolls
 e - 2 scrolls of butterflies {unknown}
 f - 2 scrolls of immolation {unknown}
 h - a scroll of identify {unknown}
 j - a scroll of enchant armour {unknown}
 k - 3 scrolls of amnesia {unknown}
 m - a scroll of magic mapping {unknown}
Potions
 d - a potion of might
 g - a potion of haste {unknown}
 i - a potion of curing {unknown}


   Skills:
 * Level 4.6 Fighting
 + Level 3.0 Axes
 + Level 4.4 Armour
 + Level 3.9 Shields


You had 2 spell levels left.
You didn't know any spells.
Your spell library was empty.

Dungeon Overview and Level Annotations

Branches:
Dungeon (2/15)

Altars:


Innate Abilities, Weirdness & Mutations

You have a pair of horns on your head.
You reflexively headbutt those who attack you in melee.


Message History

A worm comes into view.
A worm is nearby!
The worm barely misses you.
You barely miss the worm. Your headbutt misses the worm. The worm bites you!
You slash the worm!
The worm is almost dead.
You slash the worm!
You kill the worm!
No target in view!
No target in view!
No target in view!
No target in view!
No target in view!
No target in view!
No target in view!
No target in view!
m - a scroll labelled EJETHR TONA
Found an escape hatch in the ceiling.
Found a stone.
No target in view!
No target in view!
No target in view! 2 gnolls come into view.
The gnoll shouts! x2
There are monsters nearby!
A gnoll comes into view. It is wielding a +0 halberd.
The gnoll shouts!
The gnoll moves out of view.
The gnoll barely misses you. x2; The gnoll hits you with a +0 spear.
You barely miss the gnoll. You hit the gnoll.
The gnoll hits you with a +0 halberd! The gnoll hits you with a +0 spear.
You block the gnoll's attack.
The gnoll hits you from afar with a +0 halberd!
* * * LOW HITPOINT WARNING * * *
The gnoll barely misses you. The gnoll hits you with a +0 halberd.
* * * LOW HITPOINT WARNING * * *
The gnoll attacks as you move away! The gnoll completely misses you.
You furiously retaliate!
You headbutt the gnoll.
The gnoll hits you from afar with a +0 spear!
You die...

........# ....###.######
.....##......#
........####.# .....##.#
##.######## ....###.#
#.......... ...## #.#
#.#.##.##### ####
#.#...#....#...#
#...#####.@#g..###
#######.#. #......g...#
.......... #.....g......
#.#####.#.#...##...<...#.
#.#####.# #### #.#...###
........# #.#(....
#.####### #.####### #.#
#.. ..# ### #.


You could see 2 gnolls.

Vanquished Creatures
  3 gnolls (D:2)
  2 worms (D:2)
  An endoplasm (D:1)
  2 giant cockroaches (D:1)
  2 goblins (D:1)
  2 hobgoblins (D:1)
  A quokka (D:1)
  5 ball pythons (D:1)
  2 bats (D:1)
  3 frilled lizards (D:1)
  3 kobolds (D:1)
  4 rats (D:1)
30 creatures vanquished.

Notes
Turn   | Place    | Note
-------+----------+-------------------------------------------
     0 | D:1      | Icepheonix32 the Minotaur Fighter began the quest for the
                  | Orb.
     0 | D:1      | Reached XP level 1. HP: 19/19 MP: 0/0
    90 | D:1      | Reached XP level 2. HP: 27/27 MP: 1/1
   987 | D:2      | Reached XP level 3. HP: 27/34 MP: 2/2
  1335 | D:2      | Slain by a gnoll

Illustrated notes

Levels and vault maps discovered:
D:1:      saegor_arrival_miasma, layout_basic
D:2:      layout_loops_ring, serial_shops, nicolae_shop_waterfront

Skill      XL: |  1  2  3 |
---------------+----------+-----
Fighting       | 4 |  4.6
Armour         | 4 |  4.4
Axes           | 3 |  3.0
Shields        | |  3.9

Action                   || total
-------------------------++-------
Melee: War axe           ||    61
       Headbutt          ||    12
Armor: Scale mail        ||    20
Dodge: Dodged            ||    31
Block: Buckler           ||     6
